 Dungeon Crawl Stone Soup version 0.29-a0-11-ga75d3d97ab (webtiles) character file.

Game seed: 3386861111727381510

8771 robertstho the Thaumaturge (level 11, -2/62 HPs)
             Began as a Deep Elf Earth Elementalist on Jan 28, 2022.
             Was an Initiate of Sif Muna.
             Slain by a killer bee (4 damage)
             ... on level 10 of the Dungeon.
             The game lasted 00:19:26 (13911 turns).

robertstho the Thaumaturge (DEEE)                  Turns: 13911, Time: 00:19:28

Health: -2/62      AC:  6    Str:  2 (5)  XL:     11   Next: 14%
Magic:  0/39       EV: 14    Int: 31 (33) God:    Sif Muna [......]
Gold:   477        SH:  0    Dex: 19 (21) Spells: 27/37 levels left

rFire   + . .      SeeInvis .   C - +6 dagger of the Warrior {vorpal, rElec rC+ Will+ MP+9}
rCold   + + +      Faith    .   (no shield)
rNeg    . . .      Spirit   .   h - +2 robe "Tyowit" {Drain rF+ rC++ Int+2}
rPois   +          Reflect  .   (no helmet)
rElec   +          Harm     .   i - +0 cloak
rCorr   .          Rampage  .   (no gloves)
Will    ++...                   s - +0 pair of boots
Stlth   ++++......              (no amulet)
HPRegen 0.20/turn               F - +6 ring of intelligence
MPRegen 0.26/turn               G - +6 ring of dexterity

@: lethally poisoned (-2 -> -6)
A: sense surroundings 1, poison resistance
a: Renounce Religion


You were on level 10 of the Dungeon.
You worshipped Sif Muna.
Sif Muna was noncommittal.
You visited 2 branches of the dungeon, and saw 11 of its levels.

You collected 477 gold pieces.

Inventory:

Hand Weapons
 a - a +0 spear
 e - a +1 dagger
 m - the +9 hand axe of the Hungering Genius {vorpal, rC+ Int+2}
   (You found it on level 4 of the Dungeon)

   It inflicts extra damage upon your enemies.
   Int:       It affects your intelligence (+2).
   rC:        It protects you from cold.
 C - the +6 dagger of the Warrior (weapon) {vorpal, rElec rC+ Will+ MP+9}
   (You found it on level 7 of the Dungeon)

   It inflicts extra damage upon your enemies.
   rC:        It protects you from cold.
   rElec:     It insulates you from electricity.
   MP:        It affects your magic capacity (+9).
   Will:      It increases your willpower.
Missiles
 c - 136 stones
Armour
 h - the +2 robe "Tyowit" (worn) {Drain rF+ rC++ Int+2}
   (You found it on level 2 of the Dungeon)

   Int:       It affects your intelligence (+2).
   rF:        It protects you from fire.
   rC:        It greatly protects you from cold.
   Drain:     It drains your maximum health when unequipped.
 i - a +0 cloak (worn)
 s - a +0 pair of boots (worn)
 I - a +0 troll leather armour
Jewellery
 F - a +6 ring of intelligence (left hand)
 G - a +6 ring of dexterity (right hand)
Wands
 o - a wand of polymorph (25)
 u - a wand of flame (39)
 x - a wand of iceblast (15)
Scrolls
 b - a scroll of teleportation
 p - 2 scrolls of magic mapping
 r - a scroll of fog
 y - 2 scrolls of enchant weapon
 D - 3 scrolls of amnesia {unknown}
 E - a scroll of immolation {unknown}
 H - a scroll of vulnerability
Potions
 f - a potion of might {unknown}
 g - a potion of mutation
 j - 2 potions of attraction {unknown}
 k - a potion of magic {unknown}
 n - a potion of ambrosia {unknown}
 q - 2 potions of lignification {unknown}
 t - 2 potions of invisibility {unknown}
 v - 2 potions of brilliance {unknown}
 z - a potion of flight {unknown}
 A - a potion of degeneration
 B - a potion of cancellation {unknown}
Miscellaneous
 J - a lightning rod (4/4)
 K - a box of beasts


   Skills:
 * Level 4.8 Fighting
 + Level 2.1 Short Blades
 + Level 2.7 Axes
 + Level 4.7 Dodging
 * Level 9.2 Stealth
 * Level 13.8 Spellcasting
 + Level 5.3 Conjurations
 + Level 2.0 Transmutations
 + Level 8.1 Earth Magic
 * Level 2.4 Invocations


You had 27 spell levels left.
You knew the following spells:

 Your Spells              Type           Power      Damage    Failure   Level
a - Sandblast             Erth           100%       2d20      1%          1
b - Passwall              Tmut/Erth      43%        N/A       1%          2
c - Stone Arrow           Conj/Erth      100%       3d13      1%          3
d - Petrify               Tmut/Erth      52%        N/A       2%          4

Your spell library contained the following spells:

 Spells                   Type           Power      Damage    Failure   Level
 Beastly Appendage        Tmut           68%        N/A       1%          1
 Wereblood                Tmut           34%        N/A       1%          2
 Pain                     Necr           84%        1d8       2%          1
 Spider Form              Tmut/Pois      27%        N/A       4%          3
 Tukima's Dance           Hex            21%        N/A       7%          3
 Anguish                  Hex/Necr       10%        N/A       22%         4
 Agony                    Necr           21%        N/A       52%         5
 Excruciating Wounds      Necr           10%        N/A       52%         5
 Enfeeble                 Hex            10%        N/A       100%        7


Dungeon Overview and Level Annotations

Branches:
Dungeon (10/15)            Temple (1/1) D:6            Lair (0/6) D:9
    Orc: D:9-12

Altars:
Ashenzari
Cheibriados
Dithmenos
Elyvilon
Fedhas
Gozag
Hepliaklqana
Kikubaaqudgha
Makhleb
Nemelex Xobeh
Okawaru
Qazlal
Ru
Sif Muna
Trog
Uskayaw
Vehumet
Wu Jian
Xom
Yredelemnul
Zin
The Shining One

Shops:
D:9 *

Annotations:
D:10 exclusion: orange crystal statue, Snorg


Innate Abilities, Weirdness & Mutations

You passively map a small area around you.
Your system is resistant to poisons. (rPois)


Message History

Your centaur zombie barely misses the killer bee.
The orange crystal statue fixes its piercing gaze on you.
Something tries to feed on your intellect!
The kobold hits your centaur zombie with a +0 short sword.
The killer bee stings your centaur zombie.
Your kobold hits the orange crystal statue with a +2 vampiric short sword.
You hear a shout!
Your kobold hits the orange crystal statue with a +0 short sword.
The killer bee stings your kobold but does no damage.
It was a potion of degeneration.
There was something very wrong with that liquid.
You feel weakened.
You feel dopey.
You feel clumsy.
* * * LOW HITPOINT WARNING * * *
You feel sick. The killer bee barely misses you.
Your centaur zombie misses the killer bee.
Your centaur zombie closely misses the killer bee.
The killer bee stings your kobold.
Your kobold is poisoned.
The killer bee poisons your kobold!
The kobold hits your centaur zombie with a +0 short sword.
The killer bee barely misses you. The killer bee stings your kobold.
Your kobold dies!
Your kobold's corpse dissolves into shadows!
Your centaur zombie closely misses the kobold.
Your centaur zombie kicks the kobold but does no damage.
Your kobold misses the killer bee.
The killer bee closely misses your kobold.
It was a potion of mutation.
You feel extremely strange.
You feel a strange attunement to the structure of the dungeons.
You feel resistant to poisons.
* * * LOW HITPOINT WARNING * * *
You feel sick. The killer bee closely misses you.
The killer bee closely misses your kobold.
The orange crystal statue glitters topaz in the dim dungeon light.
The orange crystal statue fixes its piercing gaze on you.
You feel your power leaking away.
The kobold throws a stone.
The stone hits your centaur zombie but does no damage.
The killer bee stings you.
You die...

##.#.## ###.
##.###.####... , * #.##
##....... ##.###.####...
# ##.#.## ###. ,* *
**#.### ##.## #. ,,...*
#.# #. * ***##.#######.#
#. , ##.y@ZKKK##.#### ##
#..#8y8#K.#....#
#.#8yyT8#.####.# *
....8..yKy8.# #.# # *
###...y8O.#.# ##.# ##
#...8..y..8.###<.# ##.
....#8...8#.##...####..
.....#8.8#$.....)...+..
*...#.......##....####..


You could see an orange crystal statue, a two-headed ogre (summoned), a troll
(summoned), a kobold brigand, 8 killer bees, 3 kobolds, a friendly centaur
zombie (summoned) and a friendly kobold (summoned, very poisoned).

Vanquished Creatures
  2 ogre magi (D:9)
  A centaur warrior (D:7)
  A two-headed ogre (D:8)
  A tengu warrior (D:9)
  An ugly thing (D:9)
  A deep elf zephyrmancer (D:9)
  A troll (D:9)
  A wraith (D:8)
  2 wyverns (D:9)
  2 yaks (D:9)
  A vampire (D:10)
  Menkaure (D:5)
  3 water moccasins
  5 orc warriors
  An ice beast (D:8)
  2 black bears
  2 necrophages (D:7)
  A centaur (D:10)
  An ogre (D:7)
  2 phantoms
  A kobold brigand (D:8)
  Blork the orc (D:5)
  4 bullfrogs
  2 gnoll sergeants
  4 scorpions
  4 killer bees (D:7)
  2 wights (D:9)
  4 howler monkeys
  2 bullfrog zombies
  A centaur zombie (D:8)
  5 orc priests
  3 bullfrog skeletons
  A jelly (D:8)
  A hound (D:5)
  A centaur skeleton (D:7)
  2 gnoll shamans (D:9)
  6 iguanas
  Crazy Yiuf (D:2)
  Natasha (twice) (D:2)
  4 orc wizards
  A scorpion zombie (D:5)
  19 gnolls
  8 adders
  2 white imps
  2 dart slugs
  16 orcs
  5 ball pythons
  5 bats
  8 endoplasms
  3 giant cockroaches
  5 goblins
  7 hobgoblins
  3 quokkas
  4 frilled lizards (D:1)
  10 kobolds
  6 rats
187 creatures vanquished.

Vanquished Creatures (others)
  14 fungi (D:5)
14 creatures vanquished.

Grand Total: 201 creatures vanquished

Notes
Turn   | Place    | Note
-------+----------+-------------------------------------------
     0 | D:1      | robertstho the Deep Elf Earth Elementalist began the quest
                  | for the Orb.
     0 | D:1      | Reached XP level 1. HP: 10/10 MP: 6/6
   146 | D:1      | Reached XP level 2. HP: 3/15 MP: 5/8
  1163 | D:1      | Reached XP level 3. HP: 9/20 MP: 6/10
  2578 | D:2      | Learned a level 2 spell: Passwall
  2582 | D:2      | Learned a level 3 spell: Stone Arrow
  2591 | D:2      | Found a shimmering altar of Xom.
  2729 | D:2      | Noticed Natasha
  2750 | D:2      | Killed Natasha
  2751 | D:2      | Reached XP level 4. HP: 16/24 MP: 4/11
  2765 | D:2      | Noticed Natasha
  2771 | D:2      | Killed Natasha
  2772 | D:2      | Reached skill level 1 in Fighting
  2772 | D:2      | Reached skill level 4 in Spellcasting
  3026 | D:2      | Identified the +2 robe "Tyowit" {Drain rF+ rC++ Int+2}
  3125 | D:2      | Found a runed translucent door.
  3126 | D:2      | Noticed Crazy Yiuf
  3250 | D:2      | Killed Crazy Yiuf
  3251 | D:2      | Reached skill level 1 in Short Blades
  3251 | D:2      | Reached XP level 5. HP: 29/29 MP: 8/13
  4340 | D:4      | Noticed an ice beast
  4340 | D:4      | Noticed an ogre
  4383 | D:4      | Identified the +9 hand axe of the Hungering Genius {vorpal,
                  | rC+ Int+2}
  4548 | D:4      | Found a sacrificial altar of Ru.
  4551 | D:4      | Found a basalt altar of Yredelemnul.
  4746 | D:4      | Reached XP level 6. HP: 12/35 MP: 13/15
  5409 | D:5      | Entered Level 5 of the Dungeon
  5415 | D:5      | Learned a level 4 spell: Petrify
  5460 | D:5      | Reached skill level 5 in Spellcasting
  5506 | D:5      | Reached skill level 5 in Stealth
  5509 | D:5      | Reached XP level 7. HP: 21/40 MP: 6/17
  5663 | D:5      | Found an iron altar of Okawaru.
  6166 | D:5      | Noticed Blork the orc
  6174 | D:5      | Killed Blork the orc
  6175 | D:5      | Reached skill level 1 in Axes
  6175 | D:5      | Reached skill level 1 in Conjurations
  6289 | D:5      | Found an ancient bone altar of Kikubaaqudgha.
  6473 | D:5      | Reached skill level 6 in Spellcasting
  6627 | D:5      | Reached skill level 5 in Earth Magic
  6787 | D:5      | Noticed Menkaure
  6796 | D:5      | Killed Menkaure
  6797 | D:5      | Reached skill level 7 in Spellcasting
  6797 | D:5      | Reached XP level 8. HP: 35/45 MP: 20/20
  6865 | D:5      | Found a broken altar of Ashenzari.
  7026 | D:6      | Found a staircase to the Ecumenical Temple.
  7045 | Temple   | Entered the Ecumenical Temple
  7590 | D:6      | Found an opulent altar of Gozag.
  8138 | D:7      | Reached skill level 8 in Spellcasting
  8325 | D:7      | Identified the +0 pair of gloves of Okawaru's Favour {rC-
                  | Dex+6}
  8405 | D:7      | Identified the amulet "Jostrud" {Spirit Int+5 Dex-5 Slay+2}
  8563 | D:7      | Reached XP level 9. HP: 45/51 MP: 1/23
  8686 | D:7      | Reached skill level 9 in Spellcasting
  9134 | D:7      | Found a white marble altar of Elyvilon.
  9449 | D:7      | Found a sparkling altar of Nemelex Xobeh.
  9512 | D:7      | Identified the +6 dagger of the Warrior {vorpal, rElec rC+
                  | Will+ MP+9}
  9571 | D:8      | Found a hide-covered altar of Uskayaw.
  9768 | D:8      | Found an ornate altar of the Wu Jian Council.
  9866 | D:8      | Noticed a two-headed ogre
  9877 | D:8      | Noticed a centaur warrior
  9909 | D:7      | Killed a centaur warrior
  9910 | D:7      | Reached skill level 10 in Spellcasting
 10172 | D:8      | Killed a two-headed ogre
 10173 | D:8      | Reached skill level 11 in Spellcasting
 10349 | D:8      | Reached XP level 10. HP: 56/56 MP: 27/27
 11291 | D:9      | Noticed a green ugly thing
 11306 | D:9      | Killed a green ugly thing
 11307 | D:9      | Reached skill level 12 in Spellcasting
 11660 | D:9      | Found a staircase to the Lair.
 11736 | D:9      | Noticed an ogre mage
 11742 | D:9      | Killed an ogre mage
 12164 | D:9      | Found Gishrem's Lightly-Used Armoury.
 12451 | D:9      | Found a shimmering blue altar of Sif Muna.
 12504 | D:9      | Became a worshipper of Sif Muna the Loreminder
 12568 | D:9      | Noticed a tengu warrior
 12574 | D:9      | Killed a tengu warrior
 12575 | D:9      | Reached skill level 13 in Spellcasting
 12575 | D:9      | Reached skill level 1 in Invocations
 12888 | D:9      | Reached skill level 5 in Conjurations
 13105 | D:9      | Noticed an ogre mage
 13109 | D:9      | Killed an ogre mage
 13109 | D:9      | Noticed a deep elf zephyrmancer
 13110 | D:9      | Reached XP level 11. HP: 62/62 MP: 27/30
 13111 | D:9      | Killed a deep elf zephyrmancer
 13495 | D:10     | Entered Level 10 of the Dungeon
 13527 | D:10     | Found a glowing silver altar of Zin.
 13718 | D:10     | Noticed an orange crystal statue
 13891 | D:10     | Noticed Snorg
 13906 | D:10     | Noticed a two-headed ogre
 13911 | D:10     | Gained mutation: You passively map a small area around you.
                  | [potion of mutation]
 13911 | D:10     | Gained mutation: Your system is resistant to poisons.
                  | (rPois) [potion of mutation]
 13911 | D:10     | HP: 2/62 [poisoned by a killer bee]
 13911 | D:10     | Slain by a killer bee

Illustrated notes

Levels and vault maps discovered:
D:1:      lightli_arrival_farm, layout_basic
D:2:      kennysheep_big_flooded_room, layout_rooms, basic_altar,
          serial_bayou_pond_d, uniq_natasha, uniq_crazy_yiuf_cottage
D:3:      layout_basic
D:4:      layout_cave_pods, nicolae_overflow_squiral, serial_column_ruins,
          column_ruins_hut_ruined, column_ruins_hut,
          column_ruins_columns_straight, column_ruins_corridor_water,
          column_ruins_corridor_corner, column_ruins_open_small,
          column_ruins_columns_water, solitary_fountain, lightli_corner_chamber
D:5:      layout_gridville, okawaru_trees_1, mainiacjoe_overflow_cross_hatched,
          mainiacjoe_overflow_24_doors, kennysheep_generic_room_12,
          uniq_menkaure, uniq_blork_the_orc
D:6:      layout_loops_ring, grunt_gozag_breadcrumbs,
          minmay_temple_entry_steel_oval
D:7:      layout_cave_pods, elyvilon_altar_5, lemuel_doored_altar
D:8:      layout_basic, nicolae_wu_jian_immortal_techniques,
          nicolae_uskayaw_murder_on_the_dancefloor, hangedman_glass_teeth
D:9:      minmay_the_grid_3x2 [minmay_the_grid_broken_lines,
          minmay_the_grid_fan, minmay_the_grid_gridbox,
          minmay_the_grid_all_tris, minmay_the_grid_paths,
          minmay_the_grid_prize_diamond_cup], layout_layer_cave,
          kennysheep_mini, lair_entry_dummy, minmay_shop_damaged,
          kennysheep_just_a_vault
D:10:     layout_loops_corners, mainiacjoe_overflow_tiny_flanked, serial_shops,
          shop, minmay_statue_bubble, uniq_snorg
Temple:   eino_wide_crystal_templ

Skill      XL: |  1  2  3  4  5  6  7  8  9 10 |
---------------+-------------------------------+-----
Earth Magic    | 4 5 6 8 |  8.1
Stealth        | 3 4 5 6 7 8 9 |  9.2
Fighting       | 1 2 3 4 |  4.8
Spellcasting   | 4 5 7 8 11 13 | 13.8
Dodging        | 3 4 |  4.7
Short Blades   | 1 2 |  2.1
Axes           | 1 2 |  2.7
Conjurations   | 1 2 3 5 |  5.3
Transmutations | 2 |  2.0
Invocations    | 2 |  2.4

Action                   |  1- 3 |  4- 6 |  7- 9 | 10-12 || total
-------------------------+-------+-------+-------+-------++-------
Melee: Unarmed           |     5 |       |       |       ||     5
       Dagger            |   118 |   120 |     1 |     2 ||   241
       Spear             |     8 |       |       |       ||     8
       Punch             |     3 |     3 |       |       ||     6
       Hand axe          |       |    20 |    72 |       ||    92
 Cast: Sandblast         |    24 |    26 |    28 |    10 ||    88
       Stone Arrow       |       |     1 |    62 |    94 ||   157
       Petrify           |       |       |     5 |     7 ||    12
  Use: Scroll            |     2 |     3 |     5 |     4 ||    14
       Potion            |       |       |     3 |     3 ||     6
 Stab: Sleeping          |     5 |     6 |     7 |     1 ||    19
       Distracted        |       |       |     1 |       ||     1
Armor: Robe              |    44 |    35 |    29 |    13 ||   121
Dodge: Dodged            |    95 |    87 |    69 |    37 ||   288

Table legend: (Time is in decaauts)
 A = Elapsed time spent in this place.
 B = Non-inter-level travel time spent in this place.
 C = Inter-level travel time spent in this place.
 D = Time resting spent in this place.
 E = Time spent auto-exploring this place.
 F = Levels seen in this place.
 G = Mean time per level.
                   A        B        C        D        E       F      G
               +--------+--------+--------+--------+--------+-----+--------+
         Total |  13951 |  13568 |    383 |   2081 |   9920 |  11 | 1268.3 |
       Dungeon |  13892 |  13523 |    369 |   2081 |   9882 |  10 | 1389.2 |
        Temple |     58 |     45 |     13 |      0 |     38 |   1 |   58.0 |
               +--------+--------+--------+--------+--------+-----+--------+

Top non-repeatable levels by time:
     D:1: 2577 daAuts
     D:9: 2306 daAuts
     D:7: 1729 daAuts
     D:5: 1530 daAuts
     D:8: 1327 daAuts
     D:4: 1220 daAuts
     D:6: 1157 daAuts
     D:3: 882 daAuts
     D:2: 745 daAuts
    D:10: 415 daAuts
  Temple: 58 daAuts
